[Event "2nd Kalyan Dombivali 2019"]
[Site "Kalyan"]
[Date "2019.02.03"]
[Round "10"]
[White "Kelaskar, Chinmay"]
[Black "Kshatriya Nitin Vekhande"]
[Result "1/2-1/2"]
[ECO "E68"]
[WhiteElo "1764"]
[BlackElo "1544"]
[Annotator "NA RC"]
[PlyCount "64"]
[EventDate "2019.01.28"]
[EventType "swiss"]
[EventRounds "10"]
[EventCountry "IND"]
[SourceTitle "playchess.com"]
[Source "ChessBase"]
[SourceQuality "1"]
[TimeControl "5400+30"]

1. Nf3 Nf6 2. g3 g6 3. Bg2 Bg7 4. O-O O-O 5. d4 d6 6. c4 Nbd7 7. Nc3 e5 8. e4 c6 9. b3 Re8 10. dxe5 dxe5 11. Qc2 Qc7 12. Ba3 a6 13. c5 Nf8 14. Bb2 Bg4 15. Nd2 Rad8 16. Nc4 Ne6 17. Na4 Nd4 18. Bxd4 Rxd4 19. f3 Be6 20. Nd6 Rd8 21. Rad1 Ne8 22. Rxd4 exd4 23. Nxe8 Rxe8 24. f4 Rd8 25. Qd3 Bh6 26. h3 f5 27. e5 g5 28. Nb2 Qg7 29. Kh1 Kh8 30. Qe2 Rg8 31. Nd3 gxf4 32. gxf4 Qg3 1/2-1/2

[Event "2nd Kalyan Dombivali 2019"]
[Site "Kalyan"]
[Date "2019.02.03"]
[Round "10"]
[White "Shreyas Ghadi"]
[Black "Agarwal Shyam"]
[Result "1-0"]
[ECO "A51"]
[WhiteElo "1653"]
[BlackElo "1409"]
[Annotator "NA RC"]
[PlyCount "87"]
[EventDate "2019.01.28"]
[EventType "swiss"]
[EventRounds "10"]
[EventCountry "IND"]
[SourceTitle "playchess.com"]
[Source "ChessBase"]
[SourceQuality "1"]
[TimeControl "5400+30"]

1. d4 Nf6 2. c4 e5 3. e3 exd4 4. exd4 d5 5. Nc3 Be6 6. Bg5 c6 7. Qb3 Qe7 8. O-O-O Qb4 9. Bxf6 Qxb3 10. axb3 gxf6 11. Bd3 Nd7 12. f4 Bh6 13. Nge2 f5 14. Kb1 Nb6 15. c5 Nd7 16. g4 f6 17. gxf5 Bf7 18. b4 a6 19. Rde1 Kd8 20. Rhf1 Kc7 21. Ng3 Rae8 22. Be2 Rhg8 23. Bh5 Rxe1+ 24. Rxe1 Rg7 25. Bxf7 Rxf7 26. Nh5 Kd8 27. Re6 Bf8 28. Nd1 Be7 29. Nf2 Rf8 30. Ng4 Ke8 31. Kc2 Kd8 32. Kd3 Ke8 33. Ke3 Kd8 34. Kf3 Rf7 35. Nh6 Rf8 36. Ng7 Nb8 37. Re2 Kd7 38. Rg2 Rh8 39. Ne6 Ke8 40. Rg7 Nd7 41. Ng8 Bd8 42. Kg4 Nf8 43. Nxd8 Kxd8 44. Nxf6 1-0

[Event "2nd Kalyan Dombivali 2019"]
[Site "Kalyan"]
[Date "2019.02.03"]
[Round "10"]
[White "Chhabra Aakash"]
[Black "Subramanian, R M"]
[Result "1/2-1/2"]
[ECO "A45"]
[WhiteElo "1619"]
[BlackElo "1780"]
[Annotator "NA RC"]
[PlyCount "96"]
[EventDate "2019.01.28"]
[EventType "swiss"]
[EventRounds "10"]
[EventCountry "IND"]
[SourceTitle "playchess.com"]
[Source "ChessBase"]
[SourceQuality "1"]
[TimeControl "5400+30"]

1. d4 Nf6 2. Bg5 e6 3. e4 h6 4. Bxf6 Qxf6 5. c3 d6 6. Bd3 e5 7. Ne2 Nc6 8. O-O g5 9. Na3 a6 10. Nc2 Bg7 11. Bc4 h5 12. Ne3 Ne7 13. Qc2 c6 14. dxe5 dxe5 15. Ng3 g4 16. Ngf5 Bxf5 17. Nxf5 Nxf5 18. exf5 O-O-O 19. Rad1 h4 20. Qe4 g3 21. h3 Bh6 22. fxg3 hxg3 23. Rfe1 Bf4 24. Kf1 Rh5 25. Rxd8+ Kxd8 26. Rd1+ Kc7 27. Bd3 Rh4 28. Be2 Qe7 29. Qb4 Qxb4 30. cxb4 f6 31. Bg4 Rh7 32. Ke2 e4 33. Rd4 Re7 34. b3 b6 35. Bh5 c5 36. bxc5 bxc5 37. Rd5 Kc6 38. Rd8 Kb5 39. a3 Kc6 40. Re8 Rxe8 41. Bxe8+ Kd5 42. Bf7+ Kd4 43. a4 a5 44. Bc4 Bh6 45. Bg8 Ke5 46. Be6 Kd4 47. Bg8 Ke5 48. Be6 Kd4 1/2-1/2

[Event "2nd Kalyan Dombivali 2019"]
[Site "Kalyan"]
[Date "2019.02.03"]
[Round "10"]
[White "Akshit Jha"]
[Black "Soni Deepak R"]
[Result "1/2-1/2"]
[ECO "C54"]
[WhiteElo "1604"]
[BlackElo "1425"]
[Annotator "NA RC"]
[PlyCount "74"]
[EventDate "2019.01.28"]
[EventType "swiss"]
[EventRounds "10"]
[EventCountry "IND"]
[SourceTitle "playchess.com"]
[Source "ChessBase"]
[SourceQuality "1"]
[TimeControl "5400+30"]

1. e4 e5 2. Nf3 Nc6 3. Bc4 Bc5 4. c3 Nf6 5. d3 d6 6. Bb3 a6 7. h3 h6 8. Nbd2 O-O 9. Nf1 Ne7 10. Ng3 Ng6 11. O-O Re8 12. d4 Ba7 13. Bc2 c6 14. Be3 Be6 15. Qd2 Kh7 16. Bd3 Rc8 17. b4 Bb8 18. c4 d5 19. cxd5 cxd5 20. dxe5 dxe4 21. Nxe4 Nxe4 22. Bxe4 Qxd2 23. Bxd2 Re7 24. Rfe1 Kg8 25. Bxg6 fxg6 26. Nd4 Bd5 27. f4 Ba7 28. Be3 Rc4 29. Nf5 gxf5 30. Bxa7 Rxf4 31. Bc5 Re8 32. Red1 Bc6 33. Bd6 Re4 34. Rd2 Kf7 35. a4 Rd8 36. Rb2 Rc4 37. Kf2 Rc8 1/2-1/2

[Event "2nd Kalyan Dombivali 2019"]
[Site "Kalyan"]
[Date "2019.02.03"]
[Round "10"]
[White "Bhat Sanjay"]
[Black "Saranya, Y."]
[Result "1-0"]
[ECO "A20"]
[WhiteElo "1597"]
[BlackElo "1977"]
[Annotator "NA RC"]
[PlyCount "103"]
[EventDate "2019.01.28"]
[EventType "swiss"]
[EventRounds "10"]
[EventCountry "IND"]
[SourceTitle "playchess.com"]
[Source "ChessBase"]
[SourceQuality "1"]
[TimeControl "5400+30"]

1. c4 e5 2. g3 Nc6 3. Bg2 Bc5 4. Nc3 d6 5. e4 a6 6. Nge2 Nge7 7. O-O h5 8. h3 Be6 9. d3 Qd7 10. Kh2 f5 ({Black should try} 10... f6 $11) 11. exf5 Nxf5 12. Bg5 Nd8 13. Ne4 Nf7 14. Bd2 Ba7 15. b4 c6 16. Rc1 Qe7 17. a4 Rd8 18. Qc2 g5 (18... O-O $11) 19. Qb2 Rg8 20. b5 g4 {[%emt 0:02:04] [#]} 21. hxg4 (21. b6 $1 $16 gxh3 22. Bf3 (22. bxa7 hxg2 23. Kxg2 Nh4+ 24. Kh1 Bh3 $16) (22. Bxh3 Bb8 $14)) 21... hxg4 22. b6 Bb8 23. d4 ({White should try} 23. Kg1 $16) 23... c5 $2 (23... Bxc4 $11 {and Black is okay.} 24. Rxc4 d5) 24. d5 Bc8 25. f3 N7h6 26. f4 Nf7 27. Kg1 Rh8 28. Kf2 (28. Qa3 $18 {is more deadly.}) 28... Kd7 29. Qc2 Nd4 $2 (29... Rdf8 $16) 30. Nxd4 exd4 31. Rce1 Rde8 32. Nxc5+ dxc5 33. Rxe7+ Rxe7 34. f5 Kd8 35. f6 Ree8 36. a5 Nd6 37. Bg5 Nf7 38. Bh4 Rh5 39. Kg1 Rhe5 40. Qg6 Rf8 $1 $11 {[%emt 0:00:04] and Black has nothing to worry.} 41. Qg7 (41. Be4 Bd6) 41... Bd6 42. Qg6 Bd7 $2 43. Be4 Ba4 44. Qxg4 Bb3 45. Rc1 (45. Bg2 $142 Re4 46. Bxe4) 45... Ba4 46. Bf5 Nh6 47. f7+ Be7 48. Qg7 {[%emt 0:03:38] Double Attack} Rxf7 49. Qxe5 Nxf5 50. Qb8+ (50. Qc7+ $142 Ke8 51. Qc8+ Bd8 52. Qxd8#) 50... Kd7 51. Qxb7+ Kd8 52. Qc7+ 1-0

[Event "2nd Kalyan Dombivali 2019"]
[Site "Kalyan"]
[Date "2019.02.03"]
[Round "10"]
[White "Lund Rachit"]
[Black "Bagwe Suneet"]
[Result "1-0"]
[ECO "B41"]
[WhiteElo "1572"]
[BlackElo "1305"]
[Annotator "NA RC"]
[PlyCount "47"]
[EventDate "2019.01.28"]
[EventType "swiss"]
[EventRounds "10"]
[EventCountry "IND"]
[SourceTitle "playchess.com"]
[Source "ChessBase"]
[SourceQuality "1"]
[TimeControl "5400+30"]

1. e4 c5 2. Nf3 e6 3. d4 cxd4 4. Nxd4 a6 5. a4 Nf6 6. Nc3 Qc7 7. Be2 Bb4 8. O-O Bxc3 9. bxc3 Nxe4 10. Bd3 Nf6 11. Bb2 Nc6 12. f4 h5 13. Qe1 b6 14. Nf5 g6 15. c4 gxf5 16. Bxf6 Rg8 17. Bxf5 Bb7 18. Bh7 Rg6 19. Bxg6 fxg6 20. Qg3 Kf7 21. Bb2 Ne7 22. Qc3 Qc5+ 23. Rf2 Rf8 24. Qg7+ 1-0

[Event "2nd Kalyan Dombivali 2019"]
[Site "Kalyan"]
[Date "2019.02.03"]
[Round "10"]
[White "Midilesh MS"]
[Black "Gurav Sanmil"]
[Result "0-1"]
[ECO "C55"]
[WhiteElo "1558"]
[BlackElo "1311"]
[Annotator "NA RC"]
[PlyCount "65"]
[EventDate "2019.01.28"]
[EventType "swiss"]
[EventRounds "10"]
[EventCountry "IND"]
[SourceTitle "playchess.com"]
[Source "ChessBase"]
[SourceQuality "1"]
[TimeControl "5400+30"]

1. e4 e5 2. Nf3 Nc6 3. Bc4 Nf6 4. d3 Be7 5. c3 O-O 6. Bb3 d6 7. h3 Na5 8. Bc2 c5 9. Qe2 Nc6 10. Nbd2 Re8 11. g4 d5 12. Nf1 d4 13. c4 a6 14. Ng3 b5 15. b3 bxc4 16. bxc4 Bf8 17. O-O g6 18. Nh2 Bg7 19. f4 exf4 20. Bxf4 Ne5 21. Qf2 Nfd7 22. Rab1 Rf8 23. Qg2 Qa5 24. Ra1 Rb8 25. Bb3 Qc3 26. Rfd1 Ra8 27. Rac1 Qb4 28. Rb1 Qa5 29. Kh1 Bb7 30. Bd2 Qd8 31. Ba4 Bc8 32. Qe2 Ra7 33. Kg2 0-1

[Event "2nd Kalyan Dombivali 2019"]
[Site "Kalyan"]
[Date "2019.02.03"]
[Round "10"]
[White "Kasar Prashant"]
[Black "Manthan Vijayrao Kale"]
[Result "0-1"]
[ECO "B50"]
[WhiteElo "1495"]
[BlackElo "1228"]
[Annotator "NA RC"]
[PlyCount "70"]
[EventDate "2019.01.28"]
[EventType "swiss"]
[EventRounds "10"]
[EventCountry "IND"]
[SourceTitle "playchess.com"]
[Source "ChessBase"]
[SourceQuality "1"]
[TimeControl "5400+30"]

1. e4 c5 2. Nf3 d6 3. h3 Nf6 4. d3 g6 5. c3 Bg7 6. Be3 Nc6 7. Qb3 b6 8. Be2 Bb7 9. O-O O-O 10. Nbd2 Nd7 11. d4 cxd4 12. cxd4 Rc8 13. Rac1 e5 14. Nc4 Nxd4 15. Bxd4 exd4 16. Nxd6 Nc5 17. Rxc5 Qxd6 18. Rxc8 Bxc8 19. Rd1 Be6 20. Qa4 Qc7 21. b4 Rc8 22. a3 Qc3 23. Qxa7 Bb3 24. Rd3 Qc1+ 25. Kh2 Bc4 26. Rd1 Qf4+ 27. g3 Qxe4 28. Bxc4 Qxf3 29. Qa6 Qxf2+ 30. Kh1 Qf3+ 31. Kh2 Rxc4 32. Qxc4 Qxd1 33. Qc8+ Bf8 34. Qd8 Qe2+ 35. Kg1 d3 0-1

[Event "2nd Kalyan Dombivali 2019"]
[Site "Kalyan"]
[Date "2019.02.03"]
[Round "10"]
[White "Isha Pritam Inamdar"]
[Black "Shivshankar Iyer S"]
[Result "0-1"]
[ECO "B30"]
[WhiteElo "1380"]
[BlackElo "1619"]
[Annotator "NA RC"]
[PlyCount "114"]
[EventDate "2019.01.28"]
[EventType "swiss"]
[EventRounds "10"]
[EventCountry "IND"]
[SourceTitle "playchess.com"]
[Source "ChessBase"]
[SourceQuality "1"]
[TimeControl "5400+30"]

1. e4 c5 2. Nf3 Nc6 3. Bb5 e6 4. Bxc6 dxc6 5. O-O Nf6 6. d3 Be7 7. Nc3 b6 8. Bg5 h6 9. Be3 Qc7 10. h3 g5 11. Nd2 e5 12. Nc4 Be6 13. Qe1 Nh5 14. f3 Nf4 15. Ne2 h5 16. Bd2 O-O-O 17. Bc3 f6 18. a4 Qd7 19. a5 b5 20. Ne3 g4 21. hxg4 hxg4 22. fxg4 c4 23. Nxf4 exf4 24. Rxf4 Bd6 25. Rf3 Bxg4 26. Nxg4 Qxg4 27. Bxf6 Bc5+ 28. d4 Rxd4 29. Bxh8 Rd2+ 30. Rf2 Rxf2 31. Qxf2 Bxf2+ 32. Kxf2 Qh4+ 33. Kf3 Qxh8 34. c3 Qf6+ 35. Ke2 Qf4 36. Rf1 Qxe4+ 37. Kf2 Qc2+ 38. Kf3 Qxb2 39. g4 Qxc3+ 40. Kf4 Qd2+ 41. Kg3 c3 42. Rf8+ Kb7 43. Rf7+ Ka6 44. Rf2 Qxf2+ 45. Kxf2 c2 46. g5 c1=Q 47. g6 Qc2+ 48. Kf3 Qxg6 49. Ke3 Qg4 50. Kd3 Qf4 51. Kc3 Qc4+ 52. Kd2 b4 53. Ke3 b3 54. Kd2 b2 55. Ke3 b1=Q 56. Kf3 Qbf1+ 57. Kg3 Qcf4# 0-1

[Event "2nd Kalyan Dombivali 2019"]
[Site "Kalyan"]
[Date "2019.02.03"]
[Round "10"]
[White "Lad Mandar Pradip"]
[Black "Awade Pradeep"]
[Result "1-0"]
[ECO "E62"]
[WhiteElo "1364"]
[BlackElo "1538"]
[Annotator "NA RC"]
[PlyCount "51"]
[EventDate "2019.01.28"]
[EventType "swiss"]
[EventRounds "10"]
[EventCountry "IND"]
[SourceTitle "playchess.com"]
[Source "ChessBase"]
[SourceQuality "1"]
[TimeControl "5400+30"]

1. d4 Nf6 2. c4 g6 3. Nc3 Bg7 4. g3 O-O 5. Bg2 d6 6. Nf3 Nc6 7. O-O Bf5 8. Nh4 Bd7 9. e4 Qc8 10. f4 Bh3 11. d5 Nb8 12. e5 Bxg2 13. exf6 Bxf1 14. fxg7 Bxc4 15. gxf8=Q+ Kxf8 16. Qd4 e5 17. Qxc4 f5 18. fxe5 dxe5 19. Bh6+ Ke8 20. d6 c6 21. Qg8+ Kd7 22. Qf7+ Kxd6 23. Rd1+ Kc5 24. Be3+ Kb4 25. Qb3+ Ka5 26. Qa4# 1-0

[Event "2nd Kalyan Dombivali 2019"]
[Site "Kalyan"]
[Date "2019.02.03"]
[Round "10"]
[White "Pethe Varad"]
[Black "Pednekar Ayush"]
[Result "1/2-1/2"]
[ECO "A85"]
[WhiteElo "1359"]
[BlackElo "1501"]
[Annotator "NA RC"]
[PlyCount "63"]
[EventDate "2019.01.28"]
[EventType "swiss"]
[EventRounds "10"]
[EventCountry "IND"]
[SourceTitle "playchess.com"]
[Source "ChessBase"]
[SourceQuality "1"]
[TimeControl "5400+30"]

1. d4 f5 2. c4 Nf6 3. Nc3 g6 4. Bg5 Bg7 5. e3 b6 6. Nf3 Bb7 7. Bd3 e6 8. e4 h6 9. Bxf6 Bxf6 10. exf5 exf5 11. Qe2+ Kf7 12. O-O Re8 13. Qd1 Bxf3 14. Qxf3 Nc6 15. Ne2 Kg7 16. Rad1 Kh7 17. a3 Rf8 18. Bc2 Qe7 19. Ba4 Rae8 20. Nc3 Nxd4 21. Qf4 Be5 22. Qe3 f4 23. Qe4 c5 24. f3 Rf5 25. Kh1 Rb8 26. Ne2 Qe6 27. Rfe1 Qd6 28. Nxd4 cxd4 29. Qd5 Qxd5 30. cxd5 d6 31. Rc1 Rf7 32. Ra1 1/2-1/2